 Dungeon Crawl Stone Soup version 0.29-a0-243-g602b31c20e (webtiles) character file.

Game seed: 17105627532668453928

36 Hubjo the Skirmisher (level 3, 0/29 HPs)
             Began as a Demonspawn Abyssal Knight on Mar 4, 2022.
             Was a Follower of Lugonu.
             Slain by a bat (1 damage)
             ... on level 2 of the Dungeon.
             The game lasted 00:01:47 (1207 turns).

Hubjo the Skirmisher (Demonspawn Abyssal Knight)    Turns: 1207, Time: 00:01:48

Health: 0/29       AC:  7    Str: 13    XL:     3   Next: 19%
Magic:  5/5        EV: 11    Int: 11    God:    Lugonu [*.....]
Gold:   78         SH:  0    Dex: 15    Spells: 2/2 levels left

rFire   . . .      SeeInvis .   a - +1 falchion
rCold   . . .      Faith    .   (no shield)
rNeg    . . .      Spirit   .   b - +0 leather armour
rPois   .          Reflect  .   (no helmet)
rElec   .          Harm     .   (no cloak)
rCorr   .          Rampage  .   (no gloves)
Will    .....                   (no boots)
Stlth   +.........              (no amulet)
HPRegen 0.09/turn               g - +4 ring of protection
MPRegen 0.09/turn               (no ring)

@: no status effects
A: weakness stinger 2
a: Renounce Religion, Depart the Abyss


You were on level 2 of the Dungeon.
You worshipped Lugonu.
Lugonu was aware of your devotion.
You visited 1 branch of the dungeon, and saw 2 of its levels.
You visited the Abyss 1 time.

You collected 78 gold pieces.

Inventory:

Hand Weapons
 a - a +1 falchion (weapon)
Armour
 b - a +0 leather armour (worn)
Jewellery
 d - a ring of willpower
 g - a +4 ring of protection (left hand)
Scrolls
 c - 2 scrolls of identify
Potions
 e - 2 potions of curing {unknown}


   Skills:
 * Level 3.3 Fighting
 + Level 2.0 Long Blades
 + Level 1.9 Armour
 * Level 1.4 Dodging
 * Level 3.3 Invocations


You had 2 spell levels left.
You didn't know any spells.
Your spell library was empty.

Dungeon Overview and Level Annotations

Branches:
Dungeon (2/15)

Altars:


Innate Abilities, Weirdness & Mutations

You have a tail ending in a sharp stinger.


Message History

The rat bites you.
Found a ring mail.
The goblin hits you with a +0 dagger.
* * * LOW HITPOINT WARNING * * *
The hobgoblin barely misses you. The goblin hits you with a +0 dagger.
* * * LOW HITPOINT WARNING * * *
You are too injured to fight recklessly!
As you read the scroll labelled ROPREEX XEU, it crumbles to dust.
It is a scroll of identify.
f - a scroll of teleportation
As you read the scroll of teleportation, it crumbles to dust.
You feel strangely unstable. The hobgoblin hits you.
* * * LOW HITPOINT WARNING * * *
The goblin hits you with a +0 dagger.
* * * LOW HITPOINT WARNING * * *
g - a +4 ring of protection (left hand)
The hobgoblin hits you.
* * * LOW HITPOINT WARNING * * *
The goblin closely misses you. The hobgoblin barely misses you.
Your surroundings suddenly seem different.
A quokka comes into view.
Found a faded altar of an unknown god.
You are too injured to fight recklessly!
You hit the quokka.
Your tail-slap misses the quokka.
The quokka is moderately wounded.
The quokka bites you.
* * * LOW HITPOINT WARNING * * *
The quokka bites you but does no damage.
You barely miss the quokka.
The quokka is moderately wounded.
The quokka barely misses you.
You barely miss the quokka.
The quokka is moderately wounded.
The bat hits you but does no damage. The quokka misses you.
You closely miss the quokka.
The quokka is moderately wounded.
The bat hits you.
You die...

......#.##
...........
.....#.....#
.....#.....#
.....##...##
### ###### ##.#
..# # .. #.# #
#.### #
...####@r.###.#
####
.......b......#
...#
######...._.###
##....
..#........ ##
# ###.......###
†######
##....#.....#
......###...##
........
......†...# ..
..####...
......##.. .#
..# ##.


You could see a quokka and a bat.

Vanquished Creatures
  A worm (D:2)
  A dart slug (D:2)
  3 bats
  3 endoplasms (D:1)
  A giant cockroach (D:2)
  6 goblins (D:1)
  3 hobgoblins
  2 quokkas
  4 ball pythons (D:1)
  A kobold (D:1)
  A rat (D:1)
26 creatures vanquished.

Notes
Turn   | Place    | Note
-------+----------+-------------------------------------------
     0 | Abyss:1  | Hubjo the Demonspawn Abyssal Knight began the quest for the
                  | Orb.
     0 | Abyss:1  | Reached XP level 1. HP: 18/18 MP: 2/2
     8 | D:1      | Escaped the Abyss
    99 | D:1      | Reached skill level 1 in Dodging
   221 | D:1      | Reached * piety under Lugonu
   227 | D:1      | Discovered your monstrous ancestry.
   227 | D:1      | Gained mutation: You have a small tail. [demonic ancestry]
   227 | D:1      | Reached XP level 2. HP: 24/24 MP: 4/4
  1090 | D:2      | Gained mutation: You have a tail ending in a sharp stinger.
                  | [demonic ancestry]
  1090 | D:2      | Reached XP level 3. HP: 29/29 MP: 5/5
  1202 | D:2      | Found a faded altar of an unknown god.
  1204 | D:2      | HP: 1/29 [quokka (3)]
  1207 | D:2      | Slain by a bat

Illustrated notes

Levels and vault maps discovered:
D:1:      wander_arrival_peaceful_grave, layout_loops_ring
D:2:      layout_rooms, serial_shops, shop, basic_ecumenical_altar,
          small_statue_intersection, minmay_pentomino_t4

Skill      XL: |  1  2 |
---------------+-------+-----
Dodging        | 1 |  1.4
Invocations    | 3 |  3.3
Long Blades    | 2 |  2.0
Fighting       | |  3.3
Armour         | |  1.9

Action                   || total
-------------------------++-------
Melee: Falchion          ||    61
       Tailslap          ||     2
Invok: Depart the Abyss  ||     1
  Use: Scroll            ||     2
Armor: Leather armour    ||    23
Dodge: Dodged            ||    42

Table legend: (Time is in decaauts)
 A = Elapsed time spent in this place.
 B = Non-inter-level travel time spent in this place.
 C = Inter-level travel time spent in this place.
 D = Time resting spent in this place.
 E = Time spent auto-exploring this place.
 F = Levels seen in this place.
 G = Mean time per level.
                   A        B        C        D        E       F      G
               +--------+--------+--------+--------+--------+-----+--------+
         Total |   1218 |   1170 |     48 |      0 |    963 |   3 |  406.0 |
       Dungeon |   1210 |   1162 |     48 |      0 |    963 |   2 |  605.0 |
         Abyss |      8 |      8 |      0 |      0 |      0 |   1 |    8.0 |
               +--------+--------+--------+--------+--------+-----+--------+

Top non-repeatable levels by time:
     D:1: 945 daAuts
     D:2: 264 daAuts
 Abyss:1: 8 daAuts
